 Dungeon Crawl Stone Soup version 0.27-a0-597-g524d869a0f (webtiles) character file.

Game seed: 16738135595167661097

513998 Anon1729 the Stormcaller (level 23, 0/185 HPs)
             Began as a Demigod Air Elementalist on Mar 11, 2021.
             Slain by a frost giant
             ... wielding a +2 battleaxe of freezing
              (31 damage)
             ... on level 4 of the Vaults.
             The game lasted 03:35:03 (88044 turns).

Anon1729 the Stormcaller (DgAE)                    Turns: 88044, Time: 03:35:04

Health: 0/185      AC: 13    Str: 15    XL:     23   Next: 31%
Magic:  48/57      EV: 23    Int: 59    God:
Gold:   5189       SH:  0    Dex: 20    Spells: 3/53 levels left

rFire    + . .     SeeInvis +   Z - staff of air
rCold    + . .     Faith    .   (no shield)
rNeg     + + .     Spirit   .   H - +2 robe "Jov Kun" {rN+ Will+ Dex+4 SInv}
rPois    +         Reflect  .   U - +2 helmet {Int+3}
rElec    +         Harm     .   w - +0 cloak of the Moon {rC+ MP+9}
rCorr    +         Rampage  .   M - +2 pair of gloves of the Skies Above {rF+ Int+4}
Will     +++..                  (no boots)
Stlth    +.........             a - amulet "Amyonon" {RegenMP Str+8 Stlth-}
HPRegen  0.40/turn              T - ring "Feuj" {rElec rN+ Str-2 Int+7}
MPRegen  0.60/turn              x - ring "Ajemmyos" {rPois rCorr}

@: a tornado, marked, flying (expiring)
A: yellow scales 1, agile 1, high mp 1, mutation resistance 1, forlorn
}: 2/15 runes: decaying, serpentine
a: no special abilities


You were on level 4 of the Vaults.
You visited 9 branches of the dungeon, and saw 45 of its levels.
You visited 1 bazaar.
You also visited: Bailey and Gauntlet.

You collected 7949 gold pieces.
You spent 2760 gold pieces at shops.

Inventory:

Hand Weapons
 t - the +6 rapier "Wopnumn" {vamp, +Fly rPois rF++ Str+2}
   (You found it on level 1 of the Vaults)

   It inflicts no extra harm, but heals its wielder when it wounds a living foe.
   It affects your strength (+2).
   It greatly protects you from fire.
   It protects you from poison.
   It lets you fly.
Armour
 b - the +10 tower shield of Ignorance {rN+ Int-4}
   (You found it on level 1 of the Orcish Mines)

   It affects your intelligence (-4).
   It protects you from negative energy.
 w - the +0 cloak of the Moon (worn) {rC+ MP+9}
   (You bought it in a shop in a bazaar)

   It protects you from cold.
   It affects your magic capacity (+9).
 H - the +2 robe "Jov Kun" (worn) {rN+ Will+ Dex+4 SInv}
   (You found it on level 14 of the Dungeon)

   It affects your dexterity (+4).
   It protects you from negative energy.
   It affects your willpower, your defense against some magical effects.
   It lets you see invisible.
 M - the +2 pair of gloves of the Skies Above (worn) {rF+ Int+4}
   (You found it on level 3 of the Elven Halls)

   It affects your intelligence (+4).
   It protects you from fire.
 U - a +2 helmet of intelligence (worn)
Magical Staves
 W - a staff of conjuration
 Z - a staff of air (weapon)
Jewellery
 a - the amulet "Amyonon" (around neck) {RegenMP Str+8 Stlth-}
   (You found it on level 1 of the Vaults)

   [amulet of magic regeneration]

   It increases your magic regeneration.
   It affects your strength (+8).
   It makes you less stealthy.
 i - a ring of protection from fire
 q - the ring "Setu" {rC+ Int+4}
   (You found it on level 1 of the Vaults)

   [ring of protection from cold]

   It affects your intelligence (+4).
   It protects you from cold.
 x - the ring "Ajemmyos" (left hand) {rPois rCorr}
   (You took it off a deep elf annihilator on level 3 of the Elven Halls)

   [ring of resist corrosion]

   It protects you from poison.
   It provides partial protection from all sources of acid and corrosion.
 y - a ring of see invisible
 K - a ring of willpower
 T - the ring "Feuj" (right hand) {rElec rN+ Str-2 Int+7}
   (You found it in a Gauntlet)

   [ring of positive energy]

   It affects your strength (-2).
   It affects your intelligence (+7).
   It insulates you from electricity.
   It protects you from negative energy.
Wands
 e - a wand of random effects (53)
 h - a wand of mindburst (26)
 B - a wand of iceblast (43)
 I - a wand of flame (113)
 O - a wand of acid (13)
 P - a wand of polymorph (9)
 Q - a wand of digging (22)
 V - a wand of paralysis (19)
Scrolls
 d - 12 scrolls of magic mapping
 f - 18 scrolls of enchant weapon
 k - 6 scrolls of amnesia
 m - 7 scrolls of enchant armour
 p - a scroll of brand weapon
 r - 26 scrolls of identify
 u - 6 scrolls of fog
 v - 19 scrolls of teleportation
 A - 10 scrolls of immolation
 F - a scroll of blinking
 J - 4 scrolls of fear
 L - a scroll of silence
Potions
 c - 7 potions of mutation
 g - 19 potions of curing
 j - 7 potions of lignification
 l - 10 potions of attraction
 n - 3 potions of heal wounds
 o - 3 potions of brilliance
 s - 13 potions of might
 z - 2 potions of magic
 D - 2 potions of resistance
 E - 6 potions of invisibility
 G - 7 potions of flight
 R - a potion of berserk rage
 X - 6 potions of haste
 Y - 7 potions of cancellation
Miscellaneous
 C - a condenser vane
 N - a box of beasts
 S - a tin of tremorstones (2/2)


   Skills:
 + Level 11.4 Fighting
 - Level 12.0 Staves
 - Level 3.0 Armour
 - Level 15.0 Dodging
 - Level 1.7 Stealth
 + Level 7.6 Shields
 - Level 15.6 Spellcasting
 + Level 16.9 Conjurations
 - Level 3.0 Summonings
 - Level 3.0 Necromancy
 - Level 3.0 Translocations
 + Level 6.9 Transmutations
 * Level 19.8 Air Magic
 - Level 6.2 Earth Magic
 - Level 10.0 Evocations


You had 3 spell levels left.
You knew the following spells:

 Your Spells              Type           Power      Damage    Failure   Level
a - Shock                 Conj/Air       100%       1d9       0%          1
b - Swiftness             Air            100%       N/A       0%          2
c - Static Discharge      Conj/Air       100%       N/A       0%          3
d - Airstrike             Air            80%        N/A       0%          4
e - Lightning Bolt        Conj/Air       78%        1d105     0%          5
f - Corpse Rot            Necr/Air       N/A        N/A       0%          2
g - Tornado               Air            80%        N/A       9%          9
h - Summon Lightning Spi  Summ/Air       100%       N/A       1%          4
i - Conjure Ball Lightni  Conj/Air       78%        3x3d30    1%          6
j - Passwall              Tmut/Erth      75%        N/A       1%          2
k - Irradiate             Conj/Tmut      56%        3d32      1%          5
l - Hydra Form            Tmut           45%        N/A       2%          6
z - Apportation           Tloc           100%       N/A       1%          1

Your spell library contained the following spells:

 Spells                   Type           Power      Damage    Failure   Level
 Beastly Appendage        Tmut           100%       N/A       0%          1
 Poisonous Vapours        Pois/Air       100%       N/A       0%          2
 Mephitic Cloud           Conj/Pois/Air  100%       N/A       0%          3
 Stone Arrow              Conj/Erth      100%       3d13      0%          3
 Animate Skeleton         Necr           100%       N/A       1%          1
 Corona                   Hex            51%        N/A       1%          1
 Freeze                   Ice            100%       1d11      1%          1
 Pain                     Necr           100%       1d9       1%          1
 Sandblast                Erth           100%       2d20      1%          1
 Summon Small Mammal      Summ           100%       N/A       1%          1
 Ensorcelled Hibernation  Hex/Ice        92%        N/A       1%          2
 Slow                     Hex            46%        N/A       1%          2
 Sublimation of Blood     Necr           34%        N/A       1%          2
 Wereblood                Tmut           91%        N/A       1%          2
 Confusing Touch          Hex            46%        N/A       1%          3
 Conjure Flame            Conj/Fire      98%        6-21      1%          3
 Frozen Ramparts          Ice            92%        1d11      1%          3
 Gell's Gravitas          Tloc           34%        N/A       1%          3
 Ignite Poison            Fire/Tmut/Pois 65%        N/A       1%          3
 Inner Flame              Hex/Fire       46%        N/A       1%          3
 Ozocubu's Armour         Ice            46%        N/A       1%          3
 Portal Projectile        Hex/Tloc       100%       N/A       1%          3
 Spider Form              Tmut/Pois      36%        N/A       1%          3
 Teleport Other           Tloc           69%        N/A       1%          3
 Vampiric Draining        Necr           34%        2d10      1%          3
 Animate Armour           Summ/Erth      100%       N/A       1%          4
 Animate Dead             Necr           34%        N/A       1%          4
 Hailstorm                Conj/Ice       98%        3d19      1%          4
 Ice Form                 Ice/Tmut       72%        N/A       1%          4
 Iskenderun's Mystic Bla  Conj/Tloc      100%       2d19      1%          4
 Leda's Liquefaction      Hex/Erth       35%        N/A       1%          4
 Manifold Assault         Tloc           69%        N/A       1%          4
 Passage of Golubria      Tloc           N/A        N/A       1%          4
 Petrify                  Tmut/Erth      90%        N/A       1%          4
 Summon Ice Beast         Ice/Summ       59%        N/A       1%          4
 Alistair's Intoxication  Tmut/Pois      48%        N/A       1%          5
 Blade Hands              Tmut           45%        N/A       1%          5
 Borgnjor's Vile Clutch   Necr/Erth      39%        N/A       1%          5
 Lee's Rapid Deconstruct  Erth           44%        3d22*     1%          5
 Silence                  Hex/Air        63%        N/A       1%          5
 Yara's Violent Unravell  Hex/Tmut       36%        3d15      1%          5
 Freezing Cloud           Conj/Ice/Air   68%        6-21      1%          6
 Cause Fear               Hex            23%        N/A       2%          4
 Olgreb's Toxic Radiance  Pois           46%        N/A       2%          4
 Agony                    Necr           69%        N/A       2%          5
 Summon Forest            Summ/Tloc      34%        N/A       2%          5
 Metabolic Englaciation   Hex/Ice        23%        N/A       8%          5
 Eringya's Noxious Bog    Tmut/Pois      36%        N/A       10%         6
 Death Channel            Necr           34%        N/A       12%         6
 Dispersal                Tloc           34%        N/A       12%         6
 Shadow Creatures         Summ           N/A        N/A       12%         6
 Simulacrum               Ice/Necr       29%        N/A       22%         6
 Summon Hydra             Summ           34%        N/A       56%         7
 Necromutation            Tmut/Necr      40%        N/A       93%         8
 Borgnjor's Revivificati  Necr           34%        N/A       99%         8
 Disjunction              Tloc           34%        N/A       99%         8
 Infestation              Necr           34%        N/A       99%         8
 Death's Door             Necr           34%        N/A       100%        9


Dungeon Overview and Level Annotations

Branches:
Dungeon (15/15)            Temple (1/1) D:5            Lair (6/6) D:11
  Swamp (4/4) Lair:2        Snake (4/4) Lair:4        Slime (0/5) Lair:5
    Orc (2/2) D:9             Elf (3/3) Orc:2        Vaults (5/5) D:14
  Crypt (0/3) Vaults:2     Depths (5/5) D:15            Zot (0/5) Depths:5
 Bailey (visited)         Gauntlet (visited)

Shops:
D:7 =   D:11 ?   Orc:2 :*[(   Elf:1 !(=[   Elf:2 !   Snake:1 *!?[   Vaults:4 (
Depths:1 *:==

Portals:
Hell: Depths:1 Depths:2 Depths:3 Depths:4 Depths:5
Abyss: Depths:2 Depths:4
Pandemonium: Depths:3 Depths:4
Ziggurat: Depths:4
Trove: Vaults:1 (give 2 scrolls of acquirement)

Annotations:
D:6 1 runed translucent door, Gonzollydolly's ghost, novice MfSu
D:7 2 runed translucent doors, DavidChitty2's ghost, novice MiFi
Snake:1 exclusion: downstairs
Depths:4 1 runed translucent door


Innate Abilities, Weirdness & Mutations

Your attributes grow dramatically as you level up.
You have an increased reservoir of magic. (+10% MP)
You shall have no god before yourself.
You are partially covered in yellow scales. (AC +2)
You are agile. (Dex +2)
You are somewhat resistant to further mutation.


Message History

There is a stone staircase leading down here.
Things that are here:
a +0 plate armour; a +0 battleaxe You feel much better.
The ironheart preserver closely misses you.
The vault guard barely misses you.
The war gargoyle hits you with a +0 dire flail!!
* * * LOW HITPOINT WARNING * * *
The vault guard barely misses you.
The vault guard hits you but does no damage.
Okay, then.
As you read the scroll of fear, it crumbles to dust.
You assume a fearsome visage.
The frost giant easily resists.
The vault guard looks frightened! x2; The vault sentinel looks frightened!
The vault guard looks frightened!
The war gargoyle is unaffected.
The ironheart preserver looks frightened!
The frost giant completely misses you. The war gargoyle closely misses you.
Okay, then.
Casting: Conjure Ball Lightning (safe; 1% risk of failure)
Confirm with . or Enter, or press ? or * to list all spells.
You feel a surge of power!
A great vortex of raging winds appears and lifts you up.
Your attack snaps the vault guard out of its fear. x2
Your attack snaps the ironheart preserver out of its fear.
Your attack snaps the vault guard out of its fear.
Your attack snaps the vault sentinel out of its fear.
The war gargoyle hits you with a +0 dire flail.
* * * LOW HITPOINT WARNING * * *
The frost giant hits you with a +2 battleaxe of freezing.
* * * LOW HITPOINT WARNING * * *
The frost giant freezes you.
* * * LOW HITPOINT WARNING * * *
You feel better.
You kill the vault sentinel!
The war gargoyle launches metal splinters at you.
The spray of metal splinters hits you!!
* * * LOW HITPOINT WARNING * * *
The ironheart preserver misses you.
The frost giant hits you with a +2 battleaxe of freezing!!
You die...

######### ........#
........# ##########
........# #§§§§§§§.#
<.......# #§§§§§§§.#
........# #§§Cp§§§.#
........# #§§§@p§§.#
#'###++######§§9pp§§.#
........[...+§§§§§§§.#
#...........#§§§§§§§.#
#.....#####.#........#
#..(.[(.#...##########
###.[..[#...#
....<^..#)..#
....[.(.)[..#


You could see an ironheart preserver, a frost giant, 3 vault guards and a war
gargoyle (catching breath).

Vanquished Creatures
  A dread lich (Vaults:1)
  3 juggernauts
  A royal mummy (Depths:2)
  Mara (Depths:2)
  Frederick (Depths:4)
  Bai Suzhen (Snake:2)
  Vashnia (Snake:2)
  Saint Roka (Snake:2)
  A golden dragon (Depths:4)
  A bone dragon (Swamp:4)
  The ghost of Nett the Ninja, a veteran SpBr of Wu Jian (Vaults:1)
  Jorgrun (Elf:1)
  4 liches
  2 titans
  2 deep elf master archers (Elf:3)
  3 deep elf blademasters
  Agnes (Elf:2)
  2 sphinxes (Depths:3)
  Kirke (Snake:3)
  5 tengu reavers
  2 shadow dragons (Depths:5)
  A fenstrider witch (Swamp:4)
  6 nagarajas (Snake:4)
  A storm dragon (Depths:5)
  Donald (Elf:1)
  8 fire giants
  2 deep elf sorcerers (Elf:3)
  Aizul (Snake:2)
  Louise (Elf:1)
  A draconian knight (Depths:5)
  11 vault wardens
  10 frost giants
  A juggernaut zombie (Depths:2)
  5 deep elf elementalists
  A caustic shrike zombie (Depths:3)
  An orc warlord (Orc:2)
  11 ironheart preservers
  9 very ugly things
  20 stone giants
  7 deep elf demonologists
  3 vampire knights
  7 deep elf annihilators (Elf:3)
  3 bunyips
  Azrael (Elf:1)
  2 purple draconians (Depths:5)
  2 black draconians
  A minotaur (Gauntlet)
  2 red draconians (Depths:5)
  3 yellow draconians (Depths:5)
  3 entropy weavers
  6 spark wasps
  An eleionoma (Swamp:3)
  14 ettins
  Snorg (Lair:6)
  A quicksilver dragon zombie (Depths:2)
  4 deep elf high priests
  17 fire dragons
  A shambling mangrove (Swamp:3)
  10 deep elf death magi
  10 great orbs of eyes
  6 rakshasas
  6 boulder beetles
  7 yaktaur captains
  12 naga warriors
  A monstrous demonspawn (Depths:3)
  9 hydras
  4 spriggan air magi
  24 vault guards
  3 catoblepae
  An anaconda (shapeshifter) (Vaults:4)
  9 ice dragons
  8 centaur warriors
  2 ghost crabs
  8 anacondas
  14 ogre magi
  3 death knights
  42 two-headed ogres
  5 tengu warriors
  23 dancing weapons
  A two-headed ogre (shapeshifter) (Depths:4)
  5 alligators
  15 death yaks
  11 deep troll shamans
  8 deep troll earth magi
  4 orc high priests
  4 shock serpents
  A titan zombie (Depths:2)
  A shock serpent (shapeshifter) (Vaults:3)
  16 naga sharpshooters
  24 deep elf knights
  6 spriggan berserkers
  2 soul eaters
  5 iron trolls
  4 salamander mystics
  11 skeletal warriors
  An unseen horror (shapeshifter) (Vaults:4)
  2 goliath frogs (Swamp:2)
  4 orange crystal statues (Orc:1)
  3 swamp dragons
  3 spriggan druids
  6 glowing orange brains
  31 deep trolls
  7 unseen horrors
  4 flayed ghosts
  A shadow demon (Depths:3)
  A death drake (Swamp:4)
  An obsidian statue (Gauntlet)
  3 naga ritualists
  13 deep elf archers
  4 spectral hydras (Swamp:4)
  3 wizards
  4 phantasmal warriors
  12 orc knights
  30 deep elf zephyrmancers
  3 harpies (Vaults:2)
  17 ironbrand convokers
  Pikel (D:5)
  40 deep elf pyromancers
  59 ugly things
  9 bog bodies
  A tengu skeleton (Depths:3)
  A lindwurm (shapeshifter) (Vaults:4)
  A sphinx zombie (Depths:2)
  9 necromancers
  A wolf spider zombie (D:14)
  3 wolf spiders
  8 orc sorcerers
  11 salamanders
  A manticore (D:12)
  6 will-o-the-wisps
  A fire giant zombie (Depths:2)
  4 mana vipers
  15 cyclopes
  A frost giant skeleton (Depths:1)
  10 elephants
  14 vault sentinels
  A guardian serpent (shapeshifter) (Vaults:1)
  22 naga magi
  A black mamba (shapeshifter) (Vaults:4)
  31 black mambas
  3 guardian serpents
  A smoke demon (Gauntlet)
  A molten gargoyle (Depths:1)
  3 centaur skeletons
  2 kobold demonologists (D:15)
  2 rime drakes
  30 yaktaurs
  19 cane toads
  7 swamp worm zombies (Swamp:4)
  11 komodo dragons
  Psyche (D:11)
  An efreet (D:14)
  5 tengu conjurers
  13 freezing wraiths
  2 red devils
  3 guardian mummies (Depths:2)
  A queen bee (shapeshifter) (Vaults:4)
  5 bloated husks
  An ice devil (Depths:3)
  A tengu simulacrum (Depths:3)
  10 hornets
  A jumping spider (Vaults:4)
  8 trolls
  2 hydra zombies (Swamp:4)
  6 tyrant leeches
  A troll (shapeshifter) (D:15)
  4 polar bears
  A polar bear (shapeshifter) (D:15)
  29 blink frogs
  2 spectral swamp dragons (Swamp:4)
  2 raiju (shapeshifter)
  A dream sheep (shapeshifter) (D:15)
  A harpy skeleton (D:14)
  18 slime creatures
  4 spriggan zombies (Depths:2)
  A slime creature (shapeshifter) (Vaults:1)
  2 alligator zombies (Swamp:4)
  A stone giant simulacrum (Depths:1)
  10 dream sheep
  A tarantella (Vaults:3)
  Sigmund (D:4)
  4 shadows
  9 redbacks
  2 wraiths
  2 air elementals
  3 spriggans
  16 wyverns
  77 yaks
  A fire bat (shapeshifter) (Vaults:4)
  4 basilisks
  16 water elementals
  19 humans (D:14)
  A deep troll skeleton (Depths:1)
  An elf zombie (Depths:2)
  5 fire elementals
  A hog (Snake:3)
  A human (shapeshifter) (Vaults:4)
  A golden eye (shapeshifter) (Vaults:3)
  6 vampire mosquitoes
  A chaos spawn (Depths:4)
  11 large abominations
  34 nagas
  A soldier ant (D:13)
  9 wargs
  18 swamp worms
  3 acid dragons
  28 water moccasins
  A tengu zombie (Depths:2)
  5 hell hounds (Elf:1)
  A floating eye (Depths:3)
  A floating eye (shapeshifter) (Vaults:4)
  2 swamp drakes
  An ice beast (shapeshifter) (Depths:2)
  An ice beast (D:6)
  50 orc warriors
  6 sky beasts
  5 black bears
  An ice dragon simulacrum (Depths:1)
  A black bear (shapeshifter) (Vaults:2)
  41 ogres
  4 swamp dragon zombies (Swamp:4)
  4 centaurs
  6 boggarts (Vaults:2)
  6 phantoms
  Blork the orc (D:5)
  18 bullfrogs
  A wyvern zombie (D:7)
  2 earth elementals
  3 small abominations (Depths:4)
  3 scorpions
  6 killer bees (D:8)
  7 howler monkeys
  11 wights
  An electric eel (Elf:2)
  2 bullfrog zombies
  A quasit (D:8)
  3 crimson imps
  34 orc priests
  6 jellies
  2 bullfrog skeletons
  4 hounds
  2 iron imps (Depths:3)
  4 iguanas
  37 orc wizards
  8 worker ants
  9 polar bear simulacra (Lair:5)
  A yak simulacrum (Lair:5)
  A wolf simulacrum (Lair:5)
  A hound zombie (D:6)
  3 hound skeletons
  6 mummies (Depths:2)
  2 worker ant zombies
  4 gnolls (D:5)
  A howler monkey skeleton (D:7)
  2 swamp drake zombies (Swamp:4)
  15 adders
  6 shadow imps
  8 white imps
  3 ufetubi
  An ooze (D:1)
  An adder zombie (D:8)
  3 adder skeletons
  3 worms
  4 dart slugs
  7 leopard geckos
  145 orcs
  3 ball pythons
  5 bats
  6 giant cockroaches
  11 goblins
  8 hobgoblins
  10 jackals
  6 quokkas
  3 frilled lizards
  14 kobolds
  A quokka zombie (D:6)
  8 rats
2020 creatures vanquished.

Vanquished Creatures (collateral kills)
  A lich (Vaults:1)
  5 ball lightnings
6 creatures vanquished.

Vanquished Creatures (others)
  A harpy (Vaults:2)
  A deep elf pyromancer (Elf:1)
  A wizard (D:14)
  A hydra zombie (Swamp:4)
  6 humans
  A swamp worm (Swamp:4)
  A bullfrog (Lair:4)
  An orc (D:12)
  156 ball lightnings
  5 bushes (Lair:6)
  32 demonic plants (Gauntlet)
  18 foxfires
  72 fungi
  119 plants
415 creatures vanquished.

Grand Total: 2441 creatures vanquished

Notes
Turn   | Place    | Note
-------+----------+-------------------------------------------
     0 | D:1      | Anon1729 the Demigod Air Elementalist began the quest for
                  | the Orb.
     0 | D:1      | Reached XP level 1. HP: 14/14 MP: 5/5
   226 | D:1      | Reached skill level 1 in Conjurations
   262 | D:1      | Reached skill level 3 in Air Magic
   558 | D:1      | Reached XP level 2. HP: 19/20 MP: 1/7
  1354 | D:2      | Reached XP level 3. HP: 26/26 MP: 0/8
  2719 | D:3      | Noticed a black bear
  2725 | D:3      | Killed a black bear
  2726 | D:3      | Reached XP level 4. HP: 7/33 MP: 3/10
  3029 | D:3      | Reached XP level 5. HP: 38/38 MP: 9/11
  4140 | D:4      | Reached skill level 4 in Air Magic
  4140 | D:4      | Reached XP level 6. HP: 37/45 MP: 3/13
  4668 | D:4      | Noticed Sigmund
  4673 | D:4      | Killed Sigmund
  4981 | D:5      | Entered Level 5 of the Dungeon
  5056 | D:5      | Noticed Blork the orc
  5071 | D:5      | Killed Blork the orc
  5138 | D:5      | Reached XP level 7. HP: 50/50 MP: 8/15
  5301 | D:5      | Found a staircase to the Ecumenical Temple.
  5301 | D:5      | Noticed Pikel
  5341 | D:5      | Killed Pikel
  5342 | D:5      | Reached skill level 5 in Air Magic
  5923 | Temple   | Entered the Ecumenical Temple
  6202 | D:5      | Reached XP level 8. HP: 57/57 MP: 14/18
  6820 | D:6      | Reached skill level 5 in Dodging
  7065 | D:6      | Reached skill level 5 in Conjurations
  7324 | D:6      | Noticed Gonzollydolly's ghost (novice MfSu)
  7337 | D:6      | Found a runed translucent door.
  7593 | D:6      | Reached skill level 5 in Spellcasting
  7691 | D:7      | Learned a level 2 spell: Swiftness
  7695 | D:7      | Learned a level 3 spell: Static Discharge
  7700 | D:7      | Learned a level 4 spell: Airstrike
  7706 | D:7      | Learned a level 5 spell: Lightning Bolt
  7709 | D:7      | Learned a level 2 spell: Corpse Rot
  7713 | D:7      | Reached skill level 6 in Air Magic
  8080 | D:7      | Found Dyskel's Jewellery Shop.
  8721 | D:7      | Found a large runed translucent door.
  8722 | D:7      | Found a large runed translucent door.
  8745 | D:7      | Noticed DavidChitty2's ghost (novice MiFi)
  8765 | D:7      | Identified the +1 robe of a wizard's laboratory {Rampage
                  | Regen+ Str+3}
  8902 | D:7      | Reached XP level 9. HP: 53/62 MP: 19/20
  9377 | D:8      | Noticed a two-headed ogre
  9384 | D:8      | Killed a two-headed ogre
  9548 | D:8      | Noticed a two-headed ogre
  9554 | D:8      | Killed a two-headed ogre
  9555 | D:8      | Reached skill level 7 in Air Magic
 10402 | D:8      | Identified the +1 scale mail of the Tanner {Dex+2}
 10777 | D:9      | Found a flagged portal.
 10795 | Bailey   | Entered a bailey
 10908 | Bailey   | Reached XP level 10. HP: 69/69 MP: 23/23
 10963 | Bailey   | Noticed an orc knight
 10996 | Bailey   | Killed an orc knight
 12099 | D:9      | Reached skill level 8 in Air Magic
 12290 | D:9      | Found a staircase to the Orcish Mines.
 12956 | D:10     | Entered Level 10 of the Dungeon
 13035 | D:10     | Killed an unseen horror
 14329 | D:11     | Reached XP level 11. HP: 59/74 MP: 7/26
 14526 | D:11     | Found Ynul's Magic Scroll Shop.
 14535 | D:11     | Reached skill level 1 in Staves
 14687 | D:11     | Bought a scroll of teleportation for 42 gold pieces
 14687 | D:11     | Bought a scroll of identify for 28 gold pieces
 14687 | D:11     | Bought a scroll of identify for 28 gold pieces
 14697 | D:11     | Bought a scroll of identify for 28 gold pieces
 14697 | D:11     | Bought a scroll of identify for 28 gold pieces
 14697 | D:11     | Bought a scroll of identify for 28 gold pieces
 14697 | D:11     | Bought a scroll of identify for 28 gold pieces
 15579 | D:11     | Noticed a seven-headed hydra
 15585 | D:11     | Killed a seven-headed hydra
 15586 | D:11     | Reached skill level 9 in Air Magic
 15705 | D:11     | Found a staircase to the Lair.
 16137 | D:12     | Noticed Psyche
 16164 | D:11     | Killed Psyche
 16270 | D:12     | Noticed a six-headed hydra
 16273 | D:12     | Noticed a two-headed ogre
 16404 | D:12     | Killed a two-headed ogre
 16937 | D:12     | Noticed an unseen horror
 16940 | D:12     | Killed an unseen horror
 17664 | D:12     | Killed a six-headed hydra
 18126 | D:13     | Noticed a two-headed ogre
 18128 | D:13     | Noticed a centaur warrior
 18134 | D:13     | Killed a two-headed ogre
 18135 | D:13     | Reached XP level 12. HP: 27/81 MP: 17/29
 18263 | Lair:1   | Entered Level 1 of the Lair of Beasts
 18915 | Lair:1   | Reached skill level 1 in Necromancy
 19646 | D:7      | Bought the ring of Biukk {rElec Int+6} for 942 gold pieces
 19986 | Lair:2   | Reached skill level 10 in Air Magic
 20150 | Lair:2   | Reached skill level 5 in Staves
 20504 | Lair:2   | Found a staircase to the Swamp.
 20947 | Lair:2   | Noticed a five-headed hydra
 20951 | Lair:2   | Killed a five-headed hydra
 21930 | Lair:3   | Noticed a catoblepas
 21939 | Lair:3   | Killed a catoblepas
 21940 | Lair:3   | Reached skill level 10 in Dodging
 22217 | Lair:3   | Reached skill level 10 in Conjurations
 22246 | Lair:3   | Noticed a four-headed hydra
 22887 | Lair:3   | Killed a four-headed hydra
 22888 | Lair:3   | Reached XP level 13. HP: 83/86 MP: 12/31
 23541 | Lair:4   | Found a staircase to the Snake Pit.
 23627 | Lair:4   | Found a gate leading to a gauntlet.
 23636 | Gauntlet | Entered a Gauntlet
 23636 | Gauntlet | Found a transporter.
 23766 | Gauntlet | Found a transporter.
 23781 | Gauntlet | Found a transporter.
 23786 | Gauntlet | Found a transporter.
 23787 | Gauntlet | Noticed a reaper
 23807 | Gauntlet | Found a transporter.
 23820 | Gauntlet | Found a transporter.
 23832 | Gauntlet | Found a transporter.
 23844 | Gauntlet | Found a transporter.
 23856 | Gauntlet | Found a transporter.
 23868 | Gauntlet | Found a transporter.
 23885 | Gauntlet | Found a transporter.
 23903 | Gauntlet | Found a transporter.
 23905 | Gauntlet | Found a transporter.
 23930 | Gauntlet | Found a transporter.
 23932 | Gauntlet | Found a transporter.
 23952 | Gauntlet | Found a transporter.
 24032 | Gauntlet | Found a transporter.
 24060 | Gauntlet | Found a transporter.
 24195 | Gauntlet | Identified the ring "Feuj" {rElec rN+ Str-2 Int+7}
 24443 | Gauntlet | Learned a level 1 spell: Apportation
 24445 | Gauntlet | Identified the +2 pair of gloves "Xayvatti" {Regen+ Stlth+}
 24555 | Gauntlet | Noticed a minotaur
 24570 | Gauntlet | Killed a minotaur
 24622 | Gauntlet | Identified the +9 fustibalus of Jac Cism {vorpal, Str+4}
 25352 | Lair:4   | Reached skill level 11 in Air Magic
 25777 | Lair:4   | Reached skill level 10 in Spellcasting
 26662 | Lair:5   | Found a staircase to the Slime Pits.
 27180 | Lair:6   | Entered Level 6 of the Lair of Beasts
 27600 | Lair:6   | Reached XP level 14. HP: 93/93 MP: 5/33
 28163 | Lair:6   | Noticed Snorg
 28166 | Lair:6   | Killed Snorg
 30759 | D:13     | Reached skill level 12 in Air Magic
 31370 | D:14     | Identified the +2 robe "Jov Kun" {rN+ Will+ Dex+4 SInv}
 32024 | D:14     | Reached XP level 15. HP: 83/99 MP: 1/35
 32411 | D:14     | Found a gate to the Vaults.
 32826 | D:15     | Entered Level 15 of the Dungeon
 33224 | D:15     | Reached skill level 1 in Evocations
 33829 | D:15     | Found a staircase to the Depths.
 34165 | Orc:1    | Entered Level 1 of the Orcish Mines
 34984 | Orc:1    | Found a runed translucent door.
 34993 | Orc:1    | Found the +10 tower shield of Ignorance {rN+ Int-4}
 35023 | Orc:1    | Found a runed translucent door.
 35116 | Orc:2    | Entered Level 2 of the Orcish Mines
 35715 | Orc:1    | Gained mutation: You are clumsy. (Dex -2) [a neqoxec]
 36274 | Orc:2    | Found a staircase to the Elven Halls.
 36568 | Orc:2    | Found Amuuc's Antique Armour Emporium.
 36569 | Orc:2    | Found Xailio's Antique Weapon Shoppe.
 36587 | Orc:2    | Found Sekhlat's General Store.
 36587 | Orc:2    | Found Jyurokhu's Book Emporium.
 36905 | Elf:1    | Entered Level 1 of the Elven Halls
 37012 | Elf:1    | Reached skill level 10 in Staves
 37337 | Elf:1    | Noticed Donald
 37339 | Elf:1    | Killed Donald
 37672 | Elf:1    | Noticed Jorgrun
 37672 | Elf:1    | Noticed Azrael
 37683 | Elf:1    | Killed Jorgrun
 37691 | Elf:1    | Killed Azrael
 37692 | Elf:1    | Reached XP level 16. HP: 49/105 MP: 7/37
 37883 | Elf:1    | Found Cefotu's Distillery.
 37890 | Elf:1    | Bought a potion of magic for 104 gold pieces
 37903 | Elf:1    | Found Vefoav's Weapon Shoppe.
 37924 | Elf:1    | Reached skill level 5 in Evocations
 37960 | Elf:1    | Reached skill level 13 in Air Magic
 38093 | Elf:1    | Identified the Handbook of Necromancy
 38128 | Elf:1    | Noticed Louise
 38136 | Elf:1    | Killed Louise
 38207 | Elf:1    | Found Axinupte's Jewellery Shop.
 38388 | Elf:1    | Found Reuxil's Armour Shop.
 38884 | Elf:2    | Noticed Agnes
 39229 | Elf:2    | Killed Agnes
 39643 | Elf:2    | Found a huge runed translucent gate.
 39645 | Elf:2    | Found a huge runed translucent gate.
 39645 | Elf:2    | Found a huge runed translucent gate.
 39647 | Elf:2    | Found a huge runed translucent gate.
 39647 | Elf:2    | Found a huge runed translucent gate.
 39688 | Elf:2    | Found Wocaud's Distillery.
 39762 | Elf:2    | Bought a potion of brilliance for 44 gold pieces
 40682 | Elf:2    | Noticed a deep elf blademaster
 40956 | Elf:2    | Killed a deep elf blademaster
 41040 | Elf:3    | Entered Level 3 of the Elven Halls
 41152 | Elf:3    | Identified the +4 flail "Killer Bee's Bane" {venom, MP+9}
 41608 | Elf:3    | Identified the +2 leather armour of Divine Intervention
                  | {rPois}
 41733 | Elf:3    | Reached XP level 17. HP: 111/111 MP: 26/38
 42548 | Elf:3    | Noticed a deep elf blademaster
 42555 | Elf:3    | Killed a deep elf blademaster
 42676 | Elf:3    | Identified the ring "Ajemmyos" {rPois rCorr}
 42745 | Elf:3    | Identified the ring "Doireb" {Ice rElec rPois Will- Slay+3}
 42846 | Elf:3    | Noticed a deep elf blademaster
 42896 | Elf:3    | Killed a deep elf blademaster
 42999 | Elf:3    | Identified the +1 robe of Fedhas's Whim {rF- Str+2 Dex+4}
 43145 | Elf:3    | Identified the amulet "Oloer" {Spirit rN+}
 43727 | Elf:3    | Identified the +6 hunting sling of Zoush {flame, Str+5}
 43740 | Elf:3    | Identified the +2 pair of gloves of the Skies Above {rF+
                  | Int+4}
 43754 | Elf:3    | Identified the Guide on Nocuous Displacement
 43798 | Elf:3    | Identified a scroll of acquirement
 43799 | Elf:3    | Acquired a book of the Sky
 43808 | Elf:3    | Learned a level 4 spell: Summon Lightning Spire
 43815 | Elf:3    | Learned a level 6 spell: Conjure Ball Lightning
 43841 | Elf:3    | Identified the +5 hunting sling of Disharmony {flame, Int+3
                  | Dex+3 Stlth+}
 44965 | Depths:1 | Entered Level 1 of the Depths
 45053 | D:15     | Lost mutation: You are clumsy. (Dex -2) [potion of
                  | mutation]
 45053 | D:15     | Gained mutation: You are partially covered in yellow
                  | scales. (AC +2) [potion of mutation]
 45053 | D:15     | Gained mutation: You are agile. (Dex +2) [potion of
                  | mutation]
 45053 | D:15     | Gained mutation: You are somewhat resistant to further
                  | mutation. [potion of mutation]
 45226 | Snake:1  | Entered Level 1 of the Snake Pit
 45664 | Snake:1  | Reached skill level 1 in Fighting
 45983 | Snake:1  | Reached skill level 14 in Air Magic
 46152 | Snake:1  | Identified the +0 scale mail of Qiwounaf {rN+ Int+2 Dex+3}
 46592 | Snake:1  | Found Zeunine's Magic Scroll Shop.
 46594 | Snake:1  | Found Jeleethith's Armour Shop.
 46594 | Snake:1  | Found Zelem's General Store.
 46599 | Snake:1  | Found Qulikut's Distillery.
 46607 | Snake:1  | Bought a potion of curing for 45 gold pieces
 46607 | Snake:1  | Bought a potion of curing for 45 gold pieces
 46607 | Snake:1  | Bought a potion of heal wounds for 75 gold pieces
 46607 | Snake:1  | Bought a potion of heal wounds for 75 gold pieces
 46607 | Snake:1  | Bought a potion of curing for 45 gold pieces
 46607 | Snake:1  | Bought a potion of haste for 150 gold pieces
 46610 | Snake:1  | Bought 2 potions of haste for 280 gold pieces
 46610 | Snake:1  | Bought a scroll of teleportation for 42 gold pieces
 46610 | Snake:1  | Bought a scroll of magic mapping for 49 gold pieces
 47772 | Snake:1  | Acquired 914 gold pieces
 47827 | Snake:2  | Noticed Vashnia
 48102 | Snake:2  | Noticed Saint Roka
 48104 | Snake:2  | Killed Saint Roka
 48408 | Snake:2  | Noticed Aizul
 48414 | Snake:2  | Killed Aizul
 48667 | Snake:2  | Killed Vashnia
 48668 | Snake:2  | Reached XP level 18. HP: 96/125 MP: 9/40
 48943 | Snake:3  | Noticed Kirke
 48946 | Snake:3  | Killed Kirke
 50482 | Snake:3  | Noticed Bai Suzhen
 50552 | Snake:2  | Killed Bai Suzhen
 51287 | Snake:4  | Entered Level 4 of the Snake Pit
 53752 | Snake:4  | Reached skill level 15 in Air Magic
 54331 | Snake:4  | Got a serpentine rune of Zot
 54430 | Snake:4  | Learned a level 9 spell: Tornado
 54547 | Swamp:1  | Entered Level 1 of the Swamp
 56333 | Swamp:2  | Reached skill level 10 in Evocations
 56941 | Swamp:2  | Identified the +0 ring mail "Akyod" {rF++ Will-}
 57516 | Swamp:3  | Reached skill level 5 in Fighting
 58062 | Swamp:4  | Entered Level 4 of the Swamp
 58551 | Swamp:4  | Reached XP level 19. HP: 63/139 MP: 12/42
 58570 | Swamp:4  | Reached skill level 1 in Shields
 59068 | Swamp:4  | Reached skill level 1 in Armour
 59071 | Swamp:4  | Reached skill level 1 in Translocations
 59072 | Swamp:4  | Reached skill level 1 in Summonings
 59546 | Swamp:4  | Identified the +7 hand axe of Oklixap {venom, Str+6}
 60039 | Swamp:4  | Noticed a bone dragon
 60739 | Swamp:4  | Killed a bone dragon
 60910 | Swamp:4  | Got a decaying rune of Zot
 61179 | Vaults:1 | Entered Level 1 of the Vaults
 61650 | Vaults:1 | Found a portal to a secret trove of treasure.
 62476 | Vaults:1 | Noticed a dread lich
 63708 | Vaults:1 | Found a runed translucent gate.
 63708 | Vaults:1 | Found a runed translucent gate.
 63710 | Vaults:1 | Noticed Nett's ghost (veteran SpBr)
 63712 | Vaults:1 | Found a runed translucent gate.
 64161 | Vaults:1 | Reached skill level 16 in Air Magic
 64979 | Vaults:1 | Killed a dread lich
 65428 | Vaults:1 | Killed Nett's ghost
 65433 | Vaults:1 | Identified the +1 cloak of Cocytus {+Fly rElec rPois Int-4}
 65438 | Vaults:1 | Identified the amulet "Amyonon" {RegenMP Str+8 Stlth-}
 65442 | Vaults:1 | Identified the ring "Setu" {rC+ Int+4}
 65455 | Vaults:1 | Identified the +6 rapier "Wopnumn" {vamp, +Fly rPois rF++
                  | Str+2}
 65555 | Vaults:2 | Found a gateway to a bazaar.
 65571 | Bazaar   | Entered a bazaar
 65571 | Bazaar   | Found Azuv's Antique Armour Shoppe.
 65571 | Bazaar   | Found Cenongug's Magic Scroll Boutique.
 65571 | Bazaar   | Found Focousej's Assorted Antiques.
 65571 | Bazaar   | Found Daikko's General Store.
 65573 | Bazaar   | Found Xelicw's Antique Weapon Shop.
 65607 | Bazaar   | Bought a scroll of teleportation for 36 gold pieces
 65607 | Bazaar   | Bought a scroll of teleportation for 36 gold pieces
 65607 | Bazaar   | Bought a scroll of brand weapon for 240 gold pieces
 65612 | Bazaar   | Bought a smoking cloak for 171 gold pieces
 65612 | Bazaar   | Identified the +0 cloak of the Moon {rC+ MP+9} (You bought
                  | it in a shop in a bazaar)
 65612 | Bazaar   | Bought a pair of transparent gloves for 171 gold pieces
 65612 | Bazaar   | Identified the +2 pair of gloves of Uskutz {Harm +Inv rElec
                  | Int-5} (You bought it in a shop in a bazaar)
 66292 | Vaults:2 | Reached XP level 20. HP: 108/150 MP: 42/43
 66492 | Vaults:2 | Reached skill level 15 in Dodging
 66702 | Vaults:2 | Reached skill level 15 in Conjurations
 67115 | Vaults:2 | Found a staircase to the Crypt.
 69028 | Vaults:3 | Reached skill level 17 in Air Magic
 71331 | Vaults:4 | Identified the +1 leather armour of Cowardice {+Inv rC+
                  | Int-5}
 71341 | Vaults:4 | Found Tixaralu's Weapon Emporium.
 72651 | Vaults:4 | Reached XP level 21. HP: 163/163 MP: 44/45
 73163 | Vaults:4 | Identified the +2 robe of Midnight {rElec Str+4}
 73265 | Vaults:4 | Identified the +5 rapier of Daatrost {flame, Str+3 Int+6}
 73356 | Vaults:4 | Identified the +1 robe of Goggin {Regen+ Dex+5}
 74083 | Vaults:5 | Entered Level 5 of the Vaults
 74089 | Vaults:4 | Learned a level 2 spell: Passwall
 74097 | Vaults:4 | Reached skill level 18 in Air Magic
 74528 | Vaults:4 | Reached skill level 1 in Transmutations
 74528 | Vaults:4 | Reached skill level 1 in Earth Magic
 75454 | Depths:1 | Found Den Juc's Jewellery Shoppe.
 75462 | Depths:1 | Found Uxel Appadd's Book Boutique.
 75463 | Depths:1 | Found Gunne's Jewellery Shoppe.
 75518 | Depths:1 | Found Bongu's Pet Rocks.
 76372 | Depths:1 | Identified the +8 plate armour "Orueden" {rF+ Stlth+}
 76547 | Depths:1 | Found a gateway to Hell.
 77630 | Depths:2 | Found a one-way gate to the infinite horrors of the Abyss.
 77639 | Depths:2 | Reached skill level 15 in Spellcasting
 77935 | Depths:2 | You fall into a shaft and drop 1 floor!
 78369 | Depths:3 | Reached skill level 10 in Fighting
 79103 | Depths:3 | Reached skill level 5 in Shields
 79293 | Depths:3 | Reached XP level 22. HP: 174/174 MP: 46/47
 79533 | Depths:3 | Noticed a juggernaut
 79845 | Depths:3 | Found a one-way gate leading to the halls of Pandemonium.
 80077 | Depths:3 | Killed a juggernaut
 81589 | Depths:4 | Reached skill level 5 in Transmutations
 81589 | Depths:4 | Reached skill level 19 in Air Magic
 81657 | Depths:4 | Reached skill level 5 in Earth Magic
 81939 | Depths:4 | Noticed Frederick
 81947 | Depths:4 | Killed Frederick
 82918 | Depths:4 | Found a runed translucent door.
 83143 | Depths:4 | Found a gateway to a ziggurat.
 83509 | Depths:5 | Entered Level 5 of the Depths
 83902 | Depths:5 | Noticed a juggernaut
 84322 | Depths:5 | Killed a juggernaut
 84843 | Depths:5 | Noticed a juggernaut
 84849 | Depths:5 | Killed a juggernaut
 84850 | Depths:5 | Reached XP level 23. HP: 179/185 MP: 26/48
 85081 | Depths:5 | Found a gate to the Realm of Zot.
 85807 | Depths:5 | Learned a level 5 spell: Irradiate
 85814 | Depths:5 | Learned a level 6 spell: Hydra Form
 85930 | Depths:2 | Noticed Mara
 85937 | Depths:2 | Killed Mara
 86872 | Depths:2 | Noticed a royal mummy
 86880 | Depths:2 | Killed a royal mummy
 88038 | Vaults:5 | Noticed a dread lich
 88044 | Vaults:4 | Slain by a frost giant

Illustrated notes

Levels and vault maps discovered:
D:1:      dpeg_arrival_rhombi, layout_loops_ring, minmay_vboxes
D:2:      layout_loops_corners, serial_forest, infiniplex_forest_clump_curved,
          infiniplex_forest_straight_2, infiniplex_forest_lined_corner,
          infiniplex_forest_clump_medium, infiniplex_forest_end_1
D:3:      minmay_recursive_quarters, layout_basic,
          chequers_temple_overflow_minitemple, chequers_ecumenical_altar_simple,
          hex_intersection
D:4:      layout_basic, minmay_overflow_temple_star_quad, serial_rivers,
          chequers_serial_rivers_room_b, chequers_serial_rivers_marsh,
          chequers_serial_rivers_micro_b, chequers_serial_rivers_marsh,
          kennysheep_decorative_pillar, uniq_sigmund
D:5:      layout_loops_ring, overflow_temple_1_default, temple_fountains,
          uniq_blork_the_orc, uniq_pikel
D:6:      minmay_evil_eye, layout_rooms, led_sif_book,
          nicolae_overflow_hidden_temple, hellmonk_ghost_happy_afterlife
D:7:      layout_loops_corners, ebering_ghost_disaster_area, serial_shops,
          nicolae_shop_waterfront
D:8:      layout_loops_ring, vehumet_crystals, lemuel_doored_altar, basic_altar
D:9:      layout_grid_maze, fedhas_altar_3, erik_orc_3, enter_bailey_6
D:10:     layout_irregular_city
D:11:     layout_irregular_city, erik_lair_orcish_takeover, serial_shops,
          shop_fountains, skrybe_limestone_x, minmay_lizard_king
D:12:     layout_roguey, nicolae_ru_sacrificial_ziggurat, uniq_psyche
D:13:     layout_loops_corners
D:14:     layout_loops_ring, grunt_vaults_entry_tiered,
          nicolae_uskayaw_dance_hall, special_room [special_room_orc]
D:15:     hangedman_depths_entry_civil_slaughter, layout_cave_pools,
          nicolae_two_hexagons, grunt_ministairs_4
Temple:   kb_temple_of_zot
Lair:1:   layout_cave_pods, basic_altar
Lair:2:   layout_cellular_growth, minmay_swamp_entry_worms, grunt_megastairs_3
Lair:3:   layout_cave_pods, grunt_megastairs_2, serial_bayou_shore_b
Lair:4:   layout_cave_pods, guppyfry_snake_entry_island, gauntlet_entry_generic,
          beast_lair_carwin_8, lemuel_fruit_fields
Lair:5:   layout_roguey, slime_dummy, nicolae_lair_grove_arrangements,
          grunt_forest_small_clearings, eino_house_with_fridge
Lair:6:   hangedman_lair_tendril_chambers, layout_regular_city,
          chequers_serial_rivers_micro_a, cheibrodos_lair_lostbears, uniq_snorg
Swamp:1:  layout_falls_marsh, hangedman_swamp_diagram, swamp_pool1,
          nicolae_swamp_round_clearing, infiniplex_staircase_pool_2
Swamp:2:  layout_falls_marsh, nicolae_swamp_tree_designs, swamp_pool5,
          nicolae_swamp_small_spring, infiniplex_staircase_pool
Swamp:3:  layout_basic_swamp, hangedman_swamp_blocks, swamp_pool2,
          nicolae_swamp_stair_fork
Swamp:4:  swamp_pestilence, layout_basic_swamp,
          portal_ice_cave_entry_ugly_swarm, swamp_pool1
Snake:1:  layout_layer_cave, nicolae_snake_serpentine_hallways,
          lemuel_fruit_tree, minmay_shoptagon
Snake:2:  layout_basic, uniq_vashnia, uniq_saint_roka, uniq_aizul
Snake:3:  layout_chambers, basic_altar, uniq_kirke, uniq_bai_suzhen
Snake:4:  snake_pit, layout_grid_shapes, st_stairs_14
Orc:1:    layout_caves, chequers_guarded_unrand_ignorance
Orc:2:    st_orc_congregation, layout_diamond_mine, special_room
Elf:1:    eino_elf_arrival_shootout, layout_loops_corners, serial_shops, shop,
          shop, nicolae_shop_stone, shop_statue, minmay_elf_necromancy,
          uniq_jorgrun, uniq_donald, uniq_louise, uniq_azrael
Elf:2:    layout_onion_city, serial_shops, nicolae_shop_behind_doors,
          hangedman_elf_simple_split, elves_outpost_lemuel, uniq_agnes
Elf:3:    grunt_elf_hall_asides, layout_gridlike, palyth_stone_intersect
Vaults:1: gammafunk_vaults_ghost_crypt, v_misc_9, ontoclasm_vaults_ring_square,
          nicolae_vaults_what_the_h, vaults_room_pools,
          hangedman_vaults_corner_blocks, vaults_mumra_minichess_inversion,
          v_misc_10, layout_vaults_omnigrid, enter_trove_3
Vaults:2: vaults_room_door_hall, minmay_crypt_entry_simple_corners,
          hangedman_vaults_nodes, vaults_standard_mumra_lines,
          ontoclasm_vaults_spin, nicolae_vaults_windows_and_doors_thing,
          hangedman_vaults_maws, vaults_dpeg_hooks, nicolae_vaults_asterisk,
          hangedman_vaults_stretched_pinwheel, vaults_dpeg_ring,
          vaults_room_grid, vaults_room_semicircle,
          nicolae_vaults_specimen_jars, ontoclasm_vaults_loading_screen,
          layout_vaults_omnibox, serial_shops, bzr_entry_water
Vaults:3: ontoclasm_vaults_chip, v_misc_33, vaults_room_stairs_pillars,
          nicolae_vaults_mini_display_case, ontoclasm_vaults_idyll,
          vaults_mumra_lcd, st_diamondy, hangedman_vaults_trim,
          vaults_room_hallway, nicolae_vaults_alarming, vaults_room_octagon,
          nicolae_vaults_diagonal_hallway_7, grunt_vaults_diagonal,
          nicolae_vaults_little_ls, vaults_room_semicircle,
          hangedman_vaults_nails, ontoclasm_vaults_ring_small,
          layout_vaults_ring
Vaults:4: nicolae_vaults_network_star, nicolae_vaults_network_quinsquares
          [nicolae_vaults_network_quincunx_subvault,
          nicolae_vaults_network_quincunx_subvault,
          nicolae_vaults_network_quincunx_subvault,
          nicolae_vaults_network_quincunx_subvault], hangedman_vaults_stagger,
          ontoclasm_vaults_hangar, vaults_mumra_chevron, ontoclasm_vaults_chip,
          nicolae_vaults_yaktaur_gun_rack, hangedman_vaults_nails, st_check,
          v_misc_15, layout_vaults_maze, serial_shops, nicolae_shop_trees
Vaults:5
Depths:1: layout_basic, serial_sigils_hangedman_gnaw, hell_entry, minmay_holes,
          guppyfry_shop_earth, minmay_shop_grove, serial_bayou_shore_b
Depths:2: lemuel_minitomb, layout_gridlike, abyss_entry_small_statue_room,
          hell_entry, infiniplex_staircase_zigzag_2, kennysheep_random_hallway,
          serial_bayou_shore_a, firewood_loft, uniq_mara
Depths:3: cross_vault, layout_honeycomb, chequers_hall_statues_corner_a,
          hell_entry, grunt_pan_entry_in_and_out, onia_ninara_cookie
Depths:4: lemuel_castle_with_subvaults [lemuel_castle_interior_carwin_3],
          layout_long_grid, enter_ziggurat_e, nicolae_benzene_ring, pan_entry,
          minmay_room_of_horrors, hell_entry, nrook_uturn,
          kennysheep_treasure_room, infiniplex_staircase_star, uniq_frederick
Depths:5: grunt_twist_and_shout, layout_basic, lemuel_crystal_altar, hell_entry

Skill      XL: |  1  2  3  4  5  6  7  8  9 10 11 12 13 14 15 16 17 18 19 20 21 22 |
---------------+-------------------------------------------------------------------+-----
Conjurations   | 1 2 3 4 5 6 8 9 10 11 12 13 14 15 16 | 16.9
Air Magic      | 3 4 5 6 7 8 9 10 11 12 13 14 15 16 17 18 19 | 19.8
Dodging        | 2 3 4 5 7 8 9 10 11 12 13 14 15 | 15.0
Spellcasting   | 2 3 4 5 6 7 8 9 10 11 12 13 14 15 | 15.6
Staves         | 4 6 7 9 10 11 12 | 12.0
Necromancy     | 3 |  3.0
Evocations     | 4 7 9 10 | 10.0
Fighting       | 2 5 6 8 10 11 | 11.4
Shields        | 4 5 7 |  7.6
Armour         | 3 |  3.0
Translocations | 3 |  3.0
Summonings     | 3 |  3.0
Transmutations | 4 6 |  6.9
Earth Magic    | 3 6 |  6.2
Stealth        | |  1.7

Action                   |  1- 3 |  4- 6 |  7- 9 | 10-12 | 13-15 | 16-18 | 19-21 | 22-24 || total
-------------------------+-------+-------+-------+-------+-------+-------+-------+-------++-------
Melee: Dagger            |    23 |     8 |    29 |    17 |       |       |       |       ||    77
       Staff             |       |       |       |    71 |   122 |   135 |   321 |   110 ||   759
       Unarmed           |       |       |       |     8 |       |       |       |       ||     8
 Cast: Shock             |    96 |   109 |   296 |   219 |    94 |    19 |     3 |     3 ||   839
       Airstrike         |       |       |    45 |   219 |   465 |   488 |   169 |    37 ||  1423
       Lightning Bolt    |       |       |     3 |    95 |   338 |   298 |   536 |   325 ||  1595
       Static Discharge  |       |       |       |    31 |    38 |    15 |     8 |       ||    92
       Corpse Rot        |       |       |       |     2 |     1 |       |       |       ||     3
       Swiftness         |       |       |       |     1 |     2 |     6 |     3 |       ||    12
       Apportation       |       |       |       |       |     3 |     5 |       |       ||     8
       Conjure Ball Ligh |       |       |       |       |       |    52 |    27 |     1 ||    80
       Summon Lightning  |       |       |       |       |       |     2 |       |       ||     2
       Tornado           |       |       |       |       |       |       |    20 |    19 ||    39
       Hydra Form        |       |       |       |       |       |       |       |     1 ||     1
Evoke: Wand              |       |       |       |     1 |     5 |     7 |     4 |     2 ||    19
  Use: Scroll            |       |       |       |    23 |     4 |    11 |     6 |     4 ||    48
       Potion            |       |       |       |       |       |     5 |     3 |     3 ||    11
Armor: Robe              |     7 |     4 |    15 |    17 |    61 |    52 |    49 |    34 ||   239
Dodge: Dodged            |    37 |    28 |    89 |   175 |   371 |   248 |   336 |   163 ||  1447
Block: Tower shield      |       |       |       |       |       |    45 |   116 |       ||   161

Table legend: (Time is in decaauts)
 A = Elapsed time spent in this place.
 B = Non-inter-level travel time spent in this place.
 C = Inter-level travel time spent in this place.
 D = Time resting spent in this place.
 E = Time spent auto-exploring this place.
 F = Levels seen in this place.
 G = Mean time per level.
                   A        B        C        D        E       F      G
               +--------+--------+--------+--------+--------+-----+--------+
         Total |  88426 |  83971 |   4455 |  25421 |  46068 |  48 | 1842.2 |
       Dungeon |  23744 |  22083 |   1661 |   4024 |  15424 |  15 | 1582.9 |
        Temple |    110 |     99 |     11 |      0 |     98 |   1 |  110.0 |
          Lair |  11374 |  10906 |    468 |   3052 |   6621 |   6 | 1895.7 |
         Swamp |   6265 |   5903 |    362 |   2092 |   2688 |   4 | 1566.2 |
     Snake Pit |   8979 |   8780 |    199 |   4692 |   3119 |   4 | 2244.8 |
  Orcish Mines |   3221 |   2969 |    252 |   1366 |    958 |   2 | 1610.5 |
   Elven Halls |   6929 |   6629 |    300 |   2009 |   3235 |   3 | 2309.7 |
        Vaults |  13928 |  13043 |    885 |   4795 |   5969 |   5 | 2785.6 |
        Depths |  12314 |  12001 |    313 |   3048 |   7355 |   5 | 2462.8 |
        Bazaar |     80 |     80 |      0 |     16 |     35 |   1 |   80.0 |
        Bailey |    448 |    448 |      0 |    111 |    116 |   1 |  448.0 |
      Gauntlet |   1029 |   1029 |      0 |    215 |    449 |   1 | 1029.0 |
               +--------+--------+--------+--------+--------+-----+--------+

Top non-repeatable levels by time:
Vaults:1: 4504 daAuts
 Snake:3: 3890 daAuts
Vaults:2: 3393 daAuts
Depths:3: 3286 daAuts
Vaults:3: 3238 daAuts
Depths:4: 2939 daAuts
Vaults:4: 2778 daAuts
   Elf:3: 2489 daAuts
Depths:2: 2479 daAuts
  Lair:2: 2471 daAuts
   Elf:2: 2418 daAuts
 Snake:1: 2416 daAuts
  Lair:6: 2401 daAuts
 Swamp:4: 2396 daAuts
     D:9: 2279 daAuts
